Match 45462769
Unlisted

Match 45462769
End
Kradschützen Motorcycle Team
Panzergrenadier Squad
250 Light Carrier
Panzergrenadier Squad
Construct Light Support Kompanie
Selects Panzerjäger Kommand Battlegroup
Combat Half-tracks
Selects GrB 39 Grenade Launcher Requisition
MG34 Team
Selects Mine Fields
Panzerjäger Mechanized Group
Fire Support Elements
Vehicle Survival Package
Flakvierling Half-track
Construct Mechanized Kompanie
Pak 38 Anti-tank Gun Team
Sparkle
Mo-J
Wheeler
Dan
[Streng-Geheim]
CHawkins
0
0

Comments sign in to comment!

No comments posted yet!